 Dungeon Crawl Stone Soup version 0.18.1-50-g88ac8fd (webtiles) character file.

150845 nikopol the Severer (level 16, 0/151 HPs)
             Began as a Minotaur Berserker on Sept 25, 2016.
             Was the Champion of Trog.
             Slain by a sun demon (16 damage)
             ... while paralysed by an orc sorcerer
             ... on level 2 of the Orcish Mines.
             The game lasted 01:33:19 (27592 turns).

nikopol the Severer (Minotaur Berserker)           Turns: 27592, Time: 01:33:20

Health: 0/151      AC: 18    Str: 24    XL:     16   Next: 99%
Magic:  15/15      EV:  2    Int:  8    God:    Trog [******]
Gold:   2421       SH:  0    Dex: 18    Spells: 0 memorised, 15 levels left

rFire  . . .     SeeInvis +     a - +12 battleaxe of the Living Dead {elec, Int+4}
rCold  x . .     Gourm    .     S - +4 ring mail of the Earth {rC- Slay+5 SInv Stlth+}
rNeg   . . .     Faith    .     (shield currently unavailable)
rPois  +         Spirit   .     (helmet unavailable)
rElec  .         Dismiss  .     o - +0 cloak
rCorr  .         Reflect  .     y - +2 pair of gloves
SustAt .         Harm     .     (no boots)
MR     +....                    L - amulet of regeneration
Stlth  ++........               W - ring of poison resistance
                                R - +3 ring of dexterity

@: paralysed, drained, somewhat resistant to hostile enchantments, unstealthy
A: retaliatory headbutt, horns 3, shaggy fur 1
a: Berserk, Trog's Hand, Brothers in Arms, Burn Spellbooks, Renounce Religion


You were on level 2 of the Orcish Mines.
You worshipped Trog.
Trog was exalted by your worship.
You were not hungry.

You visited 3 branches of the dungeon, and saw 23 of its levels.
You also visited: Bailey.

You collected 2709 gold pieces.
You spent 288 gold pieces at shops.

Inventory:

Hand Weapons
 a - the +12 battleaxe of the Living Dead (weapon) {elec, Int+4}
   (Trog gifted it to you on level 8 of the Lair of Beasts)

   Occasionally, upon striking a foe, it will discharge some electrical energy
   and cause terrible harm.
   It affects your intelligence (+4).
 z - a +1 shortbow of evasion
 A - a +4 antimagic battleaxe
 I - a +2 longbow of flaming
Missiles
 j - 245 arrows (quivered)
Armour
 o - a +0 cloak (worn)
 p - a +4 chain mail of cold resistance
 y - a +2 pair of gloves (worn)
 F - a +3 chain mail
 S - the +4 ring mail of the Earth (worn) {rC- Slay+5 SInv Stlth+}
   (You found it on level 3 of the Lair of Beasts)

   It affects your accuracy and damage with ranged weapons and melee attacks
   (+5).
   It makes you vulnerable to cold.
   It lets you see invisible.
   It makes you more stealthy.
 T - a +3 ring mail of fire resistance
Jewellery
 d - an uncursed ring of protection from fire
 J - an uncursed ring of see invisible
 L - an amulet of regeneration (around neck)
 R - a +3 ring of dexterity (left hand)
 W - a ring of poison resistance (right hand)
Wands
 g - a wand of disintegration (17/24)
 t - a wand of digging (19/24)
 D - a wand of heal wounds (5/9)
 Z - a wand of teleportation (9/9)
Scrolls
 f - 3 scrolls of blinking
 h - 4 scrolls of remove curse
 q - 16 scrolls of teleportation
 C - 2 scrolls of recharging
 M - a scroll of fear
 O - 4 scrolls of enchant armour
 Q - 3 scrolls of magic mapping
Potions
 e - 5 potions of brilliance
 k - 3 potions of berserk rage
 l - 8 potions of heal wounds
 r - 8 potions of flight
 u - a potion of cure mutation
 w - a potion of cancellation
 x - 5 potions of curing
 B - 3 potions of resistance
 E - 2 potions of magic
 G - a potion of agility
 P - 2 potions of haste
 U - a potion of ambrosia {unknown}
 X - a potion of might {unknown}
Comestibles
 b - 6 slices of pizza
 c - 16 bread rations
 i - 3 beef jerkies
 m - 11 chunks of flesh
 n - 8 meat rations
 s - 7 royal jellies
 v - 19 fruits


   Skills:
 + Level 16.3(15.4) Fighting
 * Level 17.1(16.3) Axes
 * Level 10.5(9.8) Bows
 + Level 15.7(14.8) Armour
 + Level 14.8(14.0) Dodging


You had 15 spell levels left.
You didn't know any spells.

Dungeon Overview and Level Annotations

Branches:
Dungeon (13/15)            Temple (0/1) D:4            Lair (8/8) D:8
 Shoals (0/4) Lair:4       Spider (0/4) Lair:5        Slime (0/6) Lair:6
    Orc (2/2) D:12            Elf (0/3) Orc:2        Vaults (0/5) D:13

Altars:
Cheibriados
Dithmenos
Fedhas
Kikubaaqudgha
Makhleb
Nemelex Xobeh
Okawaru
Pakellas
Qazlal
Ru
Sif Muna
Trog
Xom
Yredelemnul

Shops:
D:7 %:?*   D:12 [   D:13 }!%   Orc:2 !?

Portals:
Hell: Lair:8


Innate Abilities, Weirdness & Mutations

You reflexively headbutt those who attack you in melee.
You have a pair of large horns on your head.
You are covered in fur (AC +1).


Message History

The orc knight hits you but does no damage.
The orc sorcerer hits you but does no damage.
The orc warrior hits you from afar with a trident!
The orc high priest prays to Beogh.
Some of the chunks of flesh in your inventory have rotted away.
An orc warrior comes into view. It is wielding a long sword.
The sun demon hits you!
You are engulfed in flames!!
The orc sorcerer casts a spell at you.
Helpless, you fail to dodge the bolt of negative energy.
You feel drained.
The orc knight roars a battlecry!
The orc knight hits you with a battleaxe!
* * * LOW HITPOINT WARNING * * *
The orc warrior hits you from afar with a trident!!
* * * LOW HITPOINT WARNING * * *
The orc high priest prays to Beogh.
The soul eater draws from the surrounding life force!
* * * LOW HITPOINT WARNING * * *
The sun demon hits you!
You die...

..####....# ##
....###..##
..........#
.........##
#.......## ###
##.....## ##.##
#.#...## ##).(##
...#### ##3#)#.##
.# ....#
#4o@#)..## ..##
...##
#3oo###...###..##
#### #43o#
##...###..## #
#..4#
##........## ####
#..(#
##...#....##
##.## .#(#
##)...#...##
.<..# ..o
##.....#.∩# .#.##
.o ##..#.....
..#.# ##.)...#.∩#


You could see an orc knight, a soul eater, an orc high priest, a sun demon, an
ice devil, 2 rust devils, a chaos spawn, an orc sorcerer, 2 orc warriors and an
orc priest (wandering).

Vanquished Creatures
  Gastronok (Lair:1)
  A tengu reaver (D:12)
  Maud (Lair:7)
  An orc warlord (Bailey)
  A fire giant (D:12)
  The ghost of shugdite the Peltast, a journeyman MiFi of Okawaru (Orc:2)
  A stone giant (Orc:1)
  Nessos (Lair:7)
  A dire elephant (Lair:8)
  Harold (Orc:1)
  10 hydras
  A centaur warrior (D:12)
  11 death yaks
  A deep troll earth mage (D:12)
  2 sun demons
  A skeletal warrior (D:13)
  A wizard (Lair:8)
  An unseen horror (D:12)
  A deep elf archer (D:13)
  4 hill giants
  A lindwurm (Lair:8)
  A wolf spider zombie (D:13)
  A phantasmal warrior (D:12)
  5 orc sorcerers
  5 ugly things
  2 deep elf magi (D:13)
  4 griffons
  3 manticores
  6 orc knights
  3 cyclopes
  A hornet (shapeshifter) (D:13)
  10 elephants (Lair:7)
  Maurice (D:9)
  A smoke demon (Lair:8)
  13 spiny frogs
  A torpor snail (Lair:8)
  9 black mambas
  Psyche (D:9)
  A spiny frog (shapeshifter) (D:12)
  6 orange demons
  4 rime drakes
  3 ice devils (Lair:8)
  9 komodo dragons
  2 kobold demonologists
  A spriggan druid (Lair:4)
  3 red devils
  2 hellwings
  A queen bee (D:12)
  2 two-headed ogres
  3 polar bears
  10 slime creatures
  15 blink frogs
  A water elemental (D:12)
  4 shadows
  A spriggan (Lair:8)
  A vampire (D:13)
  9 wyverns
  Eustachio (D:4)
  Sigmund (D:5)
  64 yaks
  Grum (D:11)
  3 hungry ghosts
  7 basilisks
  A vampire mosquito (D:12)
  Edmund (D:6)
  23 hippogriffs
  A mottled dragon (D:13)
  4 wargs
  A soldier ant (D:10)
  18 water moccasins
  2 hell hounds (Lair:6)
  10 porcupines
  3 sky beasts
  3 necrophages
  40 orc warriors
  A black bear (D:8)
  2 ice beasts (D:8)
  4 phantoms
  7 wolves
  2 eyes of draining
  13 ogres
  20 crocodiles
  8 centaurs
  2 big kobolds
  15 giant frogs
  A gnoll sergeant (D:7)
  5 scorpions
  4 wights (D:13)
  A vampire bat (D:9)
  33 killer bees
  4 electric eels
  3 howler monkeys
  2 giant frog zombies
  5 crimson imps
  2 centaur zombies
  A quasit (D:13)
  32 orc priests
  8 hounds
  14 jellies
  7 centaur skeletons
  2 giant frog skeletons
  Jessica (D:2)
  Terence (D:2)
  3 hell rats (Lair:6)
  16 iguanas
  29 orc wizards
  10 worker ants
  A killer bee zombie (D:9)
  9 sheep
  A howler monkey zombie (D:7)
  12 gnolls
  79 river rats
  16 adders
  5 shadow imps
  An adder zombie (D:6)
  An ooze (Lair:6)
  3 adder skeletons
  2 worms (D:4)
  4 dart slugs
  11 giant geckos
  109 orcs
  2 ball pythons
  12 bats
  2 bat skeletons (D:9)
  3 bat zombies (D:9)
  4 giant cockroaches
  10 goblins
  11 hobgoblins
  11 jackals
  34 kobolds
  2 quokkas
  A giant gecko zombie (D:5)
  5 giant newts
  22 rats
  18 fungi
  21 plants
1043 creatures vanquished.

Vanquished Creatures (others)
  An orc warrior (Orc:2)
  A sheep (Lair:6)
  A river rat (Lair:7)
  An orc (D:6)
  A bat (D:1)
  15 fungi
  11 plants
31 creatures vanquished.

Grand Total: 1074 creatures vanquished

Notes
Turn   | Place    | Note
--------------------------------------------------------------
     0 | D:1      | nikopol the Minotaur Berserker began the quest for the Orb.
     0 | D:1      | Reached XP level 1. HP: 19/19 MP: 0/0
    44 | D:1      | Reached XP level 2. HP: 25/27 MP: 1/1
   430 | D:1      | Reached XP level 3. HP: 33/33 MP: 2/2
   520 | D:1      | Reached ** piety under Trog
   824 | D:1      | Reached skill level 4 in Axes
  1039 | D:2      | Found an oddly glowing altar of Pakellas.
  1131 | D:2      | Noticed Jessica
  1136 | D:2      | Killed Jessica
  1136 | D:2      | Reached XP level 4. HP: 38/41 MP: 3/3
  1271 | D:2      | Noticed Terence
  1277 | D:2      | Killed Terence
  1306 | D:2      | Found a stormy altar of Qazlal.
  1477 | D:2      | Reached *** piety under Trog
  1722 | D:3      | Reached XP level 5. HP: 47/47 MP: 4/4
  1858 | D:3      | Reached skill level 5 in Fighting
  2146 | D:3      | Found a blossoming altar of Fedhas.
  2447 | D:4      | Found a basalt altar of Yredelemnul.
  2522 | D:4      | Reached XP level 6. HP: 56/56 MP: 5/5
  2584 | D:4      | Reached skill level 5 in Axes
  2689 | D:4      | Found a sparkling altar of Nemelex Xobeh.
  2840 | D:4      | Found a staircase to the Ecumenical Temple.
  2849 | D:4      | Noticed Eustachio
  2864 | D:4      | Killed Eustachio
  2864 | D:4      | Reached XP level 7. HP: 62/62 MP: 6/6
  2971 | D:4      | Found a deep blue altar of Sif Muna.
  3088 | D:5      | Entered Level 5 of the Dungeon
  3109 | D:5      | Reached skill level 5 in Armour
  3109 | D:5      | Reached skill level 5 in Dodging
  3314 | D:5      | Noticed Sigmund
  3320 | D:5      | Reached **** piety under Trog
  3320 | D:5      | Reached skill level 6 in Axes
  3329 | D:5      | Killed Sigmund
  3599 | D:5      | Reached XP level 8. HP: 51/71 MP: 7/7
  3730 | D:5      | Found a sparkling altar of Nemelex Xobeh.
  4204 | D:6      | Reached skill level 7 in Axes
  4276 | D:6      | Noticed Edmund
  4289 | D:6      | Killed Edmund
  4299 | D:6      | Received a gift from Trog
  4316 | D:6      | HP: 2/74 [orc wizard/magic dart (10)]
  4860 | D:6      | Reached XP level 9. HP: 81/81 MP: 8/8
  4886 | D:6      | Found a shimmering altar of Xom.
  5258 | D:7      | Reached skill level 8 in Axes
  5266 | D:7      | Found Alossof's Magic Scroll Shop.
  5315 | D:7      | Bought a scroll of remove curse for 39 gold pieces
  5315 | D:7      | Bought a scroll of identify for 26 gold pieces
  5315 | D:7      | Bought a scroll of enchant armour for 97 gold pieces
  5478 | D:7      | Received a gift from Trog
  5654 | D:7      | Found a snail-covered altar of Cheibriados.
  5719 | D:7      | Found Xuk Yvvye's Book Boutique.
  5726 | D:7      | Found Ciuzobay's Food Emporium.
  5781 | D:7      | Reached ***** piety under Trog
  6029 | D:7      | Found Mafasteba's General Store.
  6068 | D:8      | Reached skill level 9 in Axes
  6109 | D:8      | Found a staircase to the Lair.
  6162 | D:8      | Found a flagged portal.
  6169 | Bailey   | Entered a bailey
  6368 | Bailey   | Noticed an orc warlord
  6427 | Bailey   | Received a gift from Trog
  6445 | Bailey   | Reached XP level 10. HP: 66/91 MP: 6/9
  6472 | Bailey   | Found a runed gate.
  6473 | Bailey   | Found a runed gate.
  6475 | Bailey   | Found a runed gate.
  6732 | Bailey   | Killed an orc warlord
  6732 | Bailey   | Reached skill level 10 in Fighting
  6732 | Bailey   | Reached skill level 10 in Axes
  7048 | D:8      | Found a bloodstained altar of Trog.
  7760 | D:8      | Got a bone trident
  7761 | D:8      | Identified the +8 trident "Kascho" {freeze, MP+9 Str+5 Stlth+} (You found it on level 8 of the Dungeon)
  7799 | Lair:1   | Entered Level 1 of the Lair of Beasts
  7799 | Lair:1   | Noticed Gastronok
  7812 | Lair:1   | Killed Gastronok
  7812 | Lair:1   | Reached skill level 10 in Armour
  7812 | Lair:1   | Reached XP level 11. HP: 102/102 MP: 8/10
  8289 | Lair:2   | Reached skill level 11 in Axes
  8568 | Lair:2   | Reached skill level 10 in Dodging
  9384 | Lair:2   | Received a gift from Trog
 10260 | Lair:2   | Noticed a six-headed hydra
 10274 | Lair:2   | HP: 4/156 [ten-headed hydra (11)]
 10275 | Lair:2   | Killed an 11-headed hydra
 11052 | Lair:2   | Reached skill level 12 in Axes
 11057 | Lair:2   | Reached XP level 12. HP: 86/112 MP: 6/11
 11450 | Lair:3   | Got an ichor-stained ring mail
 11897 | Lair:3   | Reached ****** piety under Trog
 11900 | Lair:3   | Received a gift from Trog
 13129 | Lair:4   | Found a staircase to the Shoals.
 13670 | Lair:5   | Noticed a death yak
 13688 | Lair:5   | Killed a death yak
 13688 | Lair:5   | Reached skill level 13 in Axes
 13807 | Lair:5   | Noticed a death yak
 13807 | Lair:5   | Noticed a death yak
 13809 | Lair:5   | Noticed a death yak
 13818 | Lair:5   | Killed a death yak
 13821 | Lair:5   | Killed a death yak
 13822 | Lair:5   | Killed a death yak
 14225 | Lair:5   | Found a hole to the Spider Nest.
 14477 | Lair:5   | Reached XP level 13. HP: 118/122 MP: 12/12
 14542 | Lair:5   | Received a gift from Trog
 14566 | Lair:5   | Identified the +4 ring mail of the Earth {rC- Slay+5 SInv Stlth+} (You found it on level 3 of the Lair of Beasts)
 14618 | Lair:5   | Gained mutation: You have a pair of large horns on your head. [potion of beneficial mutation]
 14864 | Lair:6   | Found a staircase to the Slime Pits.
 15473 | Lair:6   | Reached skill level 14 in Axes
 15474 | Lair:6   | Received a gift from Trog
 16505 | Lair:7   | Noticed Maud
 16517 | Lair:7   | Killed Maud
 16950 | Lair:7   | Received a gift from Trog
 17124 | Lair:7   | Noticed Nessos
 17166 | Lair:7   | Killed Nessos
 17166 | Lair:7   | Reached XP level 14. HP: 70/133 MP: 13/13
 17752 | Lair:8   | Entered Level 8 of the Lair of Beasts
 17921 | Lair:8   | Reached skill level 15 in Axes
 18005 | Lair:8   | Reached skill level 15 in Fighting
 18116 | Lair:8   | Received a gift from Trog
 18131 | Lair:8   | Got a pitted battleaxe {god gift}
 18132 | Lair:8   | Identified the +12 battleaxe of the Living Dead {elec, Int+4} (Trog gifted it to you on level 8 of the Lair of Beasts)
 18200 | Lair:8   | Reached skill level 1 in Bows
 18864 | Lair:8   | Found a burning altar of Makhleb.
 19347 | Lair:8   | Found a gateway to Hell.
 19759 | D:9      | Noticed Maurice
 19769 | D:9      | Killed Maurice
 19950 | D:9      | Found a shadowy altar of Dithmenos.
 19983 | D:9      | Noticed Psyche
 19990 | D:9      | Killed Psyche
 19996 | D:9      | Found an iron altar of Okawaru.
 20123 | D:9      | Reached skill level 5 in Bows
 20181 | D:9      | Found a sacrificial altar of Ru.
 20392 | D:9      | Found an ancient bone altar of Kikubaaqudgha.
 20646 | D:10     | Entered Level 10 of the Dungeon
 21215 | D:10     | Received a gift from Trog
 21730 | D:11     | Noticed Grum
 21739 | D:11     | Killed Grum
 22237 | D:11     | Gained mutation: You are covered in fur (AC +1). [potion of beneficial mutation]
 22399 | D:12     | Found a shadowy altar of Dithmenos.
 22662 | D:12     | Reached skill level 15 in Armour
 22662 | D:12     | Reached XP level 15. HP: 136/141 MP: 14/14
 22673 | D:12     | Found Woderch's Antique Armour Shop.
 22689 | D:12     | Bought a pair of runed gloves for 126 gold pieces
 22824 | D:12     | Received a gift from Trog
 22827 | D:12     | Reached skill level 16 in Axes
 23072 | D:12     | Received a gift from Trog
 23348 | D:12     | Noticed a tengu reaver
 23360 | D:12     | Killed a tengu reaver
 23529 | D:12     | Noticed a fire giant
 23542 | D:12     | Killed a fire giant
 23999 | D:12     | Received a gift from Trog
 24027 | D:12     | Found a staircase to the Orcish Mines.
 24231 | D:13     | Received a gift from Trog
 24571 | D:13     | Found Liomimul's Gadget Boutique.
 24577 | D:13     | Found Tiritute's Magic Scroll Boutique.
 24578 | D:13     | Found Cofel's Distillery.
 25033 | D:13     | Found Gosofoaze's Food Emporium.
 25455 | D:13     | Found a gate to the Vaults.
 25594 | Orc:1    | Entered Level 1 of the Orcish Mines
 25660 | Orc:1    | Received a gift from Trog
 25967 | Orc:1    | Received a gift from Trog
 26377 | Orc:1    | Noticed Harold
 26378 | Orc:1    | Paralysed by an orc sorcerer for 7 turns
 26404 | Orc:1    | Killed Harold
 26404 | Orc:1    | Reached skill level 17 in Axes
 26585 | Orc:1    | Reached skill level 10 in Bows
 26585 | Orc:1    | Reached XP level 16. HP: 151/151 MP: 15/15
 26816 | Orc:2    | Entered Level 2 of the Orcish Mines
 26857 | Orc:2    | Found a staircase to the Elven Halls.
 27086 | Orc:2    | Noticed shugdite's ghost (journeyman MiFi)
 27103 | Orc:2    | Killed shugdite's ghost
 27189 | Orc:2    | Received a gift from Trog
 27368 | Orc:2    | Received a gift from Trog
 27389 | Orc:2    | Found Eshrot's Magic Scroll Emporium.
 27403 | Orc:2    | Found Areth's Distillery.
 27590 | Orc:2    | Paralysed by an orc sorcerer for 3 turns
 27592 | Orc:2    | Slain by a sun demon

Skill      XL: |  1  2  3  4  5  6  7  8  9 10 11 12 13 14 15 |
---------------+----------------------------------------------+-----
Fighting       | 4 5 6 8 9 11 12 13 14 15 16 | 16.3
Armour         | 3 4 5 7 8 10 11 13 14 15 | 15.7
Dodging        | 3 4 5 7 8 9 11 12 13 14 | 14.8
Axes           | 4 5 6 7 9 10 12 13 14 15 17 | 17.1
Bows           | 5 10 | 10.5

Action                   |  1- 3 |  4- 6 |  7- 9 | 10-12 | 13-15 | 16-18 || total
-------------------------+-------+-------+-------+-------+-------+-------++-------
Melee: Hand axe          |   201 |   124 |   162 |       |       |       ||   487
       Headbutt          |    47 |    22 |    58 |   112 |   165 |    11 ||   415
       War axe           |       |       |   121 |   450 |   264 |       ||   835
       Battleaxe         |       |       |       |       |   341 |    69 ||   410
 Fire: Shortbow          |       |       |   141 |   327 |   953 |   126 ||  1547
Invok: Berserk           |     1 |     2 |     2 |     6 |     8 |     1 ||    20
       Trog's Hand       |       |       |     1 |       |     1 |       ||     2
       Burn Spellbooks   |       |       |     1 |     2 |     4 |       ||     7
  Use: Scroll            |       |       |     7 |    13 |    16 |       ||    36
       Potion            |       |       |       |       |     3 |       ||     3
 Stab: Sleeping          |     1 |       |       |       |     4 |       ||     5
       Invisible         |       |       |       |       |     1 |       ||     1
  Eat: Chunk             |     2 |     6 |    16 |    23 |    43 |     4 ||    94
       Meat ration       |       |       |       |     1 |       |       ||     1
       Beef jerky        |       |       |       |     2 |     1 |       ||     3
       Fruit             |       |       |       |       |     1 |       ||     1
       Pizza             |       |       |       |       |     1 |       ||     1
Armor: Animal skin       |    15 |       |       |       |       |       ||    15
       Chain mail        |     9 |    65 |   191 |     6 |       |       ||   271
       Scale mail        |       |       |       |   136 |     1 |       ||   137
       Ring mail         |       |       |       |       |   189 |    12 ||   201
Dodge: Dodged            |    75 |    54 |   193 |   414 |   753 |    59 ||  1548
